 Dungeon Crawl Stone Soup version 0.19.1 (webtiles) character file.

210080 inmateoo the Phalangite (level 19, -9/153 HPs)
             Began as a Merfolk Fighter on Nov 25, 2016.
             Was the Champion of Okawaru.
             Mangled by a white very ugly thing (39 damage)
             ... on level 3 of the Depths.
             The game lasted 00:43:33 (19582 turns).

inmateoo the Phalangite (Merfolk Fighter)          Turns: 19582, Time: 00:43:34

Health: -9/153     AC: 24    Str: 31    XL:     19   Next: 25%
Magic:  0/18       EV: 17    Int: 14    God:    Okawaru [******]
Gold:   2528       SH: 21    Dex: 12    Spells: 1 memorised, 27 levels left

rFire  + . .     SeeInvis .     V - +10 demon trident of Drought {elec, rPois Str+2 Int+7 Dex-4}
rCold  . . .     Gourm    .     H - +5 scale mail "Geicoasm" {rElec MR+ Str+3 Slay+3}
rNeg   + . .     Faith    .     Z - +0 large shield {AC+3}
rPois  +         Spirit   +     c - +0 hat {Spirit}
rElec  +         Reflect  .     v - +2 cloak {+Inv}
rCorr  .         Harm     .     G - +0 pair of gloves of the Kettle-Drum {rElec Regen+ MP-9 Stlth-}
MR     +++++                    K - +0 pair of boots "Epeaheuc" {rN+ MR+}
Stlth  ..........               M - amulet of regeneration
                                u - ring of protection from magic
                                Q - ring of protection from fire

@: repel missiles
A: change form in water, swift swim, stealthy swim, horns 1, molten scales 1,
thin metallic scales 1, thin skeletal structure 1, deformed body, deterioration
1, magic resistance 1, poison resistance, electricity resistance, strong 1, wild
magic 1
a: Heroism, Finesse, Renounce Religion, Evoke Invisibility


You were on level 3 of the Depths.
You worshipped Okawaru.
Okawaru was exalted by your worship.
You were not hungry.

You visited 3 branches of the dungeon, and saw 20 of its levels.
You also visited: Trove and Ice Cave.

You collected 4003 gold pieces.
You spent 1475 gold pieces at shops.

Inventory:

Hand Weapons
 V - the +10 demon trident of Drought (weapon) {elec, rPois Str+2 Int+7 Dex-4}
   (Okawaru gifted it to you on level 13 of the Dungeon)

   Occasionally, upon striking a foe, it will discharge some electrical energy
   and cause terrible harm.
   It affects your strength (+2).
   It affects your intelligence (+7).
   It affects your dexterity (-4).
   It protects you from poison.
Armour
 c - a +0 hat of spirit shield (worn)
 v - a +2 cloak of invisibility (worn)
 w - a +1 cloak of poison resistance
 y - a +0 helmet
 G - the +0 pair of gloves of the Kettle-Drum (worn) {rElec Regen+ MP-9 Stlth-}
   (Okawaru gifted it to you on level 2 of the Depths)

   It insulates you from electricity.
   It affects your magic capacity (-9).
   It increases your rate of regeneration.
   It makes you less stealthy.
 H - the +5 scale mail "Geicoasm" (worn) {rElec MR+ Str+3 Slay+3}
   (You found it on level 13 of the Dungeon)

   It affects your strength (+3).
   It affects your accuracy and damage with ranged weapons and melee attacks
   (+3).
   It insulates you from electricity.
   It affects your resistance to hostile enchantments.
 K - the +0 pair of boots "Epeaheuc" (worn) {rN+ MR+}
   (Okawaru gifted it to you on level 1 of the Depths)

   It protects you from negative energy.
   It affects your resistance to hostile enchantments.
 R - the +2 pair of boots of Happy Babbling {rElec rPois}
   (Okawaru gifted it to you on level 10 of the Dungeon)

   It insulates you from electricity.
   It protects you from poison.
 U - the +1 buckler of Undesirable Species {+Inv rC+ Stlth+}
   (You found it in a treasure trove)

   It protects you from cold.
   It lets you turn invisible.
   It makes you more stealthy.
 Z - a +0 large shield of protection (worn)
Jewellery
 u - a ring of protection from magic (right hand)
 x - an uncursed ring of resist corrosion
 L - an uncursed ring of ice
 M - an amulet of regeneration (around neck)
 Q - a ring of protection from fire (left hand)
 Y - the ring of Shadows {Umbra +Inv Stlth+}
   (You took it off a centaur on level 13 of the Dungeon)

   [ring of stealth]

   It lets you turn invisible.
   It makes you more stealthy.
Wands
 a - a wand of lightning (10/15)
 b - a wand of iceblast (7/15)
 k - a wand of lightning (8/15)
 S - a wand of acid (5/15)
 T - a wand of heal wounds (2/9)
 X - a wand of confusion (12/48)
Scrolls
 g - 3 scrolls of noise
 h - 3 scrolls of amnesia
 i - 2 scrolls of fog
 o - a scroll of enchant armour
 q - 6 scrolls of enchant weapon
 s - 4 scrolls of remove curse
 t - 10 scrolls of teleportation
 z - a scroll of identify
 B - 4 scrolls of recharging
 C - 2 scrolls of blinking
 I - a scroll of magic mapping
Potions
 d - 2 potions of might
 e - a potion of resistance
 l - 2 potions of brilliance
 m - 2 potions of berserk rage
 n - 2 potions of heal wounds
 p - 3 potions of cancellation
 A - a potion of agility
 D - 4 potions of lignification
 E - 2 potions of ambrosia
 F - 7 potions of curing
 J - 2 potions of invisibility
 P - 2 potions of haste
Comestibles
 f - 16 bread rations
 j - 6 meat rations
 r - a royal jelly
 N - 5 beef jerkies


   Skills:
 + Level 14.5 Fighting
 * Level 23.9 Polearms
 + Level 10.8 Armour
 + Level 15.7 Dodging
 + Level 13.3 Shields
 - Level 5.7 Spellcasting
 - Level 6.6 Charms
 - Level 4.9 Air Magic
 - Level 8.0 Invocations


You had 27 spell levels left.
You knew the following spells:

 Your Spells              Type           Power        Failure   Level  Hunger
a - Repel Missiles        Chrm/Air       ####..       28%         2    #......


Dungeon Overview and Level Annotations

Branches:
Dungeon (15/15)            Temple (1/1) D:5            Lair (0/6) D:9
    Orc (0/2) D:9          Vaults (0/5) D:13         Depths (4/5) D:15

Altars:
Cheibriados
Dithmenos
Elyvilon
Fedhas
Gozag
Kikubaaqudgha
Makhleb
Nemelex Xobeh
Okawaru
Ru
Sif Muna
Trog
Uskayaw
Vehumet
Xom
Zin
The Shining One

Shops:
D:4 (   D:6 (   D:13 (}?   Depths:1 }?(   Depths:2 (   Depths:3 *[(*

Portals:
Hell: Depths:1 Depths:2 Depths:3 Depths:4
Pandemonium: Depths:1 Depths:3
Ziggurat: Depths:2


Innate Abilities, Weirdness & Mutations

You revert to your normal form in water.
You are very nimble and swift while swimming.
You are very stealthy in the water. (Stealth+)
You have a pair of small horns on your head.
You are partially covered in molten scales. (AC +2)
You are partially covered in thin metallic scales. (AC +2)
You have a somewhat thin skeletal structure. (Dex +2, Stealth)
Armour fits poorly on your strangely shaped body.
Your body sometimes deteriorates upon taking damage.
You are resistant to hostile enchantments. (MR+)
Your system is resistant to poisons. (rPois)
You are resistant to electric shocks. (rElec)
Your muscles are strong. (Str +2)
Your spells are a little harder to cast, but a little more powerful.


Message History

* * * LOW HITPOINT WARNING * * *
You are too injured to fight recklessly!
You are too injured to fight recklessly!
You are too injured to fight recklessly!
You are too injured to fight recklessly!
You are too injured to fight recklessly!
You are too injured to fight recklessly!
You are too injured to fight recklessly!
You are too injured to fight recklessly!
You are too injured to fight recklessly!
You are too injured to fight recklessly!
You are too injured to fight recklessly!
You are too injured to fight recklessly!
Unknown command.
Your shield prevents you from hitting the white very ugly thing.
Your headbutt misses the white very ugly thing.
The white very ugly thing gores you!
* * * LOW HITPOINT WARNING * * *
The white very ugly thing freezes you!!!
You die...

#.##.##.###.....####..#.........
#.#.#..###.#.....#.............
###.......##.#...................
#.#...........(##................
##..............#................
##..........<....................
#..............(.................
#...#...#........................
....#...........@................
............##.††u...............
......}......#...)...............
.................................
#................................
.....................#...........
.......<.........................
..................≈≈≈.........).≈
.................≈≈≈♣...8...8.[.♣


You could see a white very ugly thing.

Vanquished Creatures
  2 juggernauts (Depths:2)
  Margery (Depths:3)
  Bai Suzhen (Depths:3)
  A caustic shrike (Depths:2)
  4 golden dragons
  the Enchantress (Depths:2)
  2 liches
  2 quicksilver dragons (Depths:2)
  3 sphinxes
  2 storm dragons (Depths:2)
  3 tengu reavers (Depths:2)
  Kirke (D:15)
  4 frost giants
  5 iron dragons
  3 fire giants
  A caustic shrike zombie (D:15)
  2 juggernaut zombies
  3 spriggan defenders (Depths:2)
  9 stone giants
  A reaper (Depths:4)
  25 very ugly things
  A deep elf annihilator (Depths:2)
  A vampire knight (Depths:3)
  Nessos (D:12)
  2 merfolk javelineers
  6 ettins
  7 yaktaur captains
  A deep elf high priest (Depths:4)
  4 fire dragons
  8 vault guards (D:13)
  A great orb of eyes (Depths:3)
  2 merfolk impalers (Depths:2)
  Erolcha (D:10)
  4 ice dragons
  3 rakshasas
  4 spriggan air magi
  The ghost of Quirk the Protected, a novice MiFi of Okawaru (D:9)
  A hydra (D:14)
  7 centaur warriors
  3 ogre magi
  8 tengu warriors
  A death knight (D:14)
  A deep troll shaman (Depths:2)
  6 deep troll earth magi
  3 spriggan berserkers
  3 vampire magi
  3 soul eaters (Depths:4)
  9 hell knights
  A fire crab (shapeshifter) (Depths:2)
  5 skeletal warriors
  11 deep trolls
  A flayed ghost (Depths:3)
  6 necromancers
  10 hill giants
  A harpy (D:13)
  A deep elf mage (D:14)
  5 wizards
  An orange crystal statue (Depths:2)
  A harpy (shapeshifter) (Depths:1)
  A wolf spider zombie (D:15)
  An iron dragon zombie (Depths:4)
  20 ugly things
  2 manticores
  7 slime creatures
  A sphinx skeleton (Depths:4)
  A fire giant zombie (Depths:4)
  3 cyclopes
  5 centaur zombies
  A guardian serpent (Depths:3)
  2 ice statues (IceCv)
  4 rust devils (Depths:1)
  A kobold demonologist (D:15)
  2 freezing wraiths (D:14)
  10 yaktaurs
  An efreet (D:15)
  2 komodo dragons
  4 tengu conjurers
  A guardian mummy (D:15)
  A tormentor (Depths:3)
  The ghost of RudyRod the Shield-Bearer, an amateur DrFi (D:6)
  A red devil (Depths:3)
  4 trolls
  Prince Ribbit (D:5)
  6 two-headed ogres
  A polar bear (shapeshifter) (Depths:2)
  A two-headed ogre (shapeshifter) (Depths:2)
  3 hornets
  3 hippogriffs
  2 air elementals (Depths:3)
  6 shadows
  A flying skull (Depths:4)
  6 spriggans
  A ynoxinul (Depths:3)
  4 wraiths
  An ice dragon skeleton (D:15)
  A human (shapeshifter) (Depths:1)
  8 water elementals
  A wyvern (D:15)
  3 hogs (D:15)
  Grum (D:9)
  2 fire bats (Depths:2)
  An elf simulacrum (Depths:4)
  2 hungry ghosts
  A neqoxec (Depths:3)
  A chaos spawn (Depths:3)
  7 vampire mosquitoes
  A mottled dragon (D:14)
  A soldier ant (D:11)
  A human zombie (D:15)
  9 ice beasts
  6 orc warriors
  3 phantoms
  A black bear (D:9)
  4 sky beasts
  A necrophage (D:12)
  7 boggarts
  16 ogres
  3 wolves (D:9)
  13 centaurs
  Blork the orc (D:4)
  2 big kobolds
  8 bullfrogs
  A gnoll sergeant (D:8)
  5 scorpions
  2 wyvern skeletons
  5 killer bees (D:9)
  8 wights
  7 howler monkeys
  7 crimson imps
  6 orc priests
  2 hounds
  4 jellies
  11 orc wizards
  4 centaur skeletons
  4 iguanas
  Terence (D:2)
  14 worker ants
  A hound zombie (D:5)
  A hound skeleton (D:8)
  A howler monkey zombie (D:10)
  Robin (D:3)
  4 gnolls (D:8)
  14 adders
  5 shadow imps
  13 white imps
  An adder zombie (D:8)
  An ooze (D:2)
  6 worms
  3 dart slugs
  5 leopard geckos
  68 orcs
  5 giant cockroaches
  17 goblins
  7 hobgoblins
  8 jackals (D:3)
  2 quokkas
  2 ball pythons
  8 bats
  5 frilled lizards
  20 kobolds
  A quokka skeleton (D:4)
  13 rats
721 creatures vanquished.

Vanquished Creatures (others)
  A guardian serpent (Depths:3)
  A human (D:15)
  3 boggarts
  A jelly (D:15)
  6 fungi (Depths:2)
  46 plants
  10 withered plants (D:15)
68 creatures vanquished.

Grand Total: 789 creatures vanquished

Notes
Turn   | Place    | Note
-------+----------+-------------------------------------------
     0 | D:1      | inmateoo the Merfolk Fighter began the quest for the Orb.
     0 | D:1      | Reached XP level 1. HP: 18/18 MP: 1/1
   188 | D:1      | Reached XP level 2. HP: 24/24 MP: 2/2
   637 | D:2      | Reached XP level 3. HP: 29/29 MP: 3/3
   735 | D:2      | Reached skill level 4 in Polearms
   964 | D:2      | Noticed Terence
   987 | D:2      | Killed Terence
   987 | D:2      | Reached XP level 4. HP: 28/37 MP: 4/4
  1334 | D:2      | Reached skill level 5 in Polearms
  1820 | D:3      | Reached XP level 5. HP: 37/42 MP: 5/5
  2602 | D:3      | Noticed Robin
  2647 | D:3      | Killed Robin
  2647 | D:3      | Reached skill level 6 in Polearms
  2980 | D:4      | Noticed Blork the orc
  2993 | D:4      | Reached XP level 6. HP: 39/49 MP: 6/6
  3005 | D:4      | Killed Blork the orc
  3384 | D:4      | Found Raoruch's Antique Weapon Emporium.
  3400 | D:4      | Noticed a phantom
  3621 | D:4      | HP: 2/49 [ogre/giant club (14)]
  4005 | D:4      | Killed a phantom
  4005 | D:4      | Reached skill level 7 in Polearms
  4176 | D:5      | Entered Level 5 of the Dungeon
  4263 | D:5      | Reached XP level 7. HP: 51/55 MP: 7/7
  4323 | D:5      | Reached skill level 5 in Fighting
  4355 | D:5      | Noticed Prince Ribbit
  4396 | D:5      | Reached skill level 8 in Polearms
  4786 | D:5      | Reached XP level 8. HP: 47/63 MP: 8/8
  4787 | D:5      | Found a staircase to the Ecumenical Temple.
  4806 | Temple   | Entered the Ecumenical Temple
  4833 | Temple   | Became a worshipper of Warmaster Okawaru
  4865 | D:5      | Killed Prince Ribbit
  4865 | D:5      | Reached skill level 9 in Polearms
  4865 | D:5      | Reached skill level 5 in Shields
  5002 | D:5      | Found a shadowy altar of Dithmenos.
  5055 | D:5      | Gained mutation: You are partially covered in thin metallic scales. (AC +2) [mutagenic meat]
  5056 | D:5      | Gained mutation: You have a pair of small horns on your head. [mutagenic meat]
  5398 | D:6      | Reached * piety under Okawaru
  5398 | D:6      | Reached skill level 10 in Polearms
  5418 | D:6      | You fall through a shaft!
  5587 | D:7      | Found a white marble altar of Elyvilon.
  5742 | D:7      | Reached XP level 9. HP: 68/71 MP: 9/9
  5853 | D:7      | Found a hide-covered altar of Uskayaw.
  5853 | D:7      | Noticed a hand axe
  5854 | D:7      | Noticed a hand axe
  6045 | D:7      | Reached skill level 1 in Dodging
  6322 | D:6      | Noticed RudyRod's ghost (amateur DrFi)
  6331 | D:6      | Killed RudyRod's ghost
  6369 | D:6      | Reached ** piety under Okawaru
  6369 | D:6      | Reached skill level 11 in Polearms
  6618 | D:6      | Found Jero's Antique Weapon Shop.
  6621 | D:6      | Bought an encrusted glaive for 276 gold pieces
  6629 | D:6      | Identified the +7 glaive "Odifyvuc" {chop, MR- Str+6} (You bought it in a shop on level 6 of the Dungeon)
  6804 | D:8      | Noticed a cyan ugly thing
  6813 | D:8      | Killed a cyan ugly thing
  6818 | D:8      | Gained mutation: You are dopey. (Int -2) [mutagenic meat]
  6819 | D:8      | Gained mutation: Armour fits poorly on your strangely shaped body. [mutagenic meat]
  6841 | D:8      | Found a sacrificial altar of Ru.
  6959 | D:8      | Reached *** piety under Okawaru
  7062 | D:8      | Reached skill level 5 in Armour
  7067 | D:8      | Reached skill level 12 in Polearms
  7076 | D:8      | Reached XP level 10. HP: 79/79 MP: 10/10
  7214 | D:8      | Found a burning altar of Makhleb.
  7216 | D:8      | Noticed a balrug
  7220 | D:8      | Noticed a smoke demon
  7633 | D:9      | Found a staircase to the Orcish Mines.
  7707 | D:9      | Found a staircase to the Lair.
  7791 | D:9      | Reached **** piety under Okawaru
  7807 | D:9      | Noticed Quirk's ghost (novice MiFi)
  7822 | D:9      | Killed Quirk's ghost
  7825 | D:9      | Reached skill level 13 in Polearms
  7837 | D:9      | Gained mutation: You occasionally shout uncontrollably at your foes. [mutagenic meat]
  7838 | D:9      | Gained mutation: Your body sometimes deteriorates upon taking damage. [mutagenic meat]
  7839 | D:9      | Lost mutation: You are dopey. (Int -2) [mutagenic meat]
  7840 | D:9      | Gained mutation: You are resistant to electric shocks. (rElec) [mutagenic meat]
  7889 | D:9      | Noticed Grum
  7900 | D:9      | Killed Grum
  7901 | D:9      | Reached ***** piety under Okawaru
  7901 | D:9      | Reached skill level 5 in Dodging
  8283 | D:10     | Entered Level 10 of the Dungeon
  8483 | D:10     | Noticed a hill giant
  8490 | D:10     | Killed a hill giant
  8490 | D:10     | Reached skill level 14 in Polearms
  8490 | D:10     | Reached XP level 11. HP: 52/87 MP: 11/11
  8648 | D:10     | Noticed a hill giant
  8655 | D:10     | Killed a hill giant
  8799 | D:10     | Found a glowing silver altar of Zin.
  8830 | D:10     | Reached ****** piety under Okawaru
  8876 | D:10     | Noticed Erolcha
  8880 | D:10     | Killed Erolcha
  8880 | D:10     | Received a gift from Okawaru
  8934 | D:10     | Noticed a hill giant
  8941 | D:10     | Killed a hill giant
  8941 | D:10     | Received a gift from Okawaru
  8947 | D:10     | Got a pair of scorched boots {god gift}
  8954 | D:10     | Identified the +2 pair of boots of Happy Babbling {rElec rPois} (Okawaru gifted it to you on level 10 of the Dungeon)
  8978 | D:11     | Found a glowing silver altar of Zin.
  9028 | D:11     | Noticed a hill giant
  9035 | D:11     | Killed a hill giant
  9298 | D:11     | Noticed a hill giant
  9304 | D:11     | Killed a hill giant
  9477 | D:12     | Found a frozen archway.
  9481 | D:12     | Noticed Nessos
  9501 | D:12     | Killed Nessos
  9501 | D:12     | Reached skill level 15 in Polearms
  9535 | IceCv    | Entered an ice cave
  9535 | IceCv    | Noticed a white ugly thing
  9540 | IceCv    | Killed a white ugly thing
  9546 | IceCv    | Reached XP level 12. HP: 78/96 MP: 9/12
  9557 | IceCv    | Gained mutation: You are resistant to hostile enchantments. (MR+) [mutagenic meat]
 10229 | D:13     | Reached skill level 16 in Polearms
 10231 | D:13     | Noticed a centaur warrior
 10240 | D:12     | Killed a centaur warrior
 10240 | D:12     | Reached skill level 10 in Fighting
 10346 | D:13     | Found Koathea's Antique Weapon Shop.
 10377 | D:13     | Noticed a tengu warrior
 10384 | D:13     | Killed a tengu warrior
 10384 | D:13     | Received a gift from Okawaru
 10387 | D:13     | Got an ancient demon trident {god gift}
 10389 | D:13     | Identified the +10 demon trident of Drought {elec, rPois Str+2 Int+7 Dex-4} (Okawaru gifted it to you on level 13 of the Dungeon)
 10413 | D:13     | Found a gate to the Vaults.
 10413 | D:13     | Noticed a vault guard
 10413 | D:13     | Noticed a vault guard
 10413 | D:13     | Noticed a vault guard
 10413 | D:13     | Noticed a vault guard
 10413 | D:13     | Noticed a vault guard
 10414 | D:13     | Noticed a vault guard
 10414 | D:13     | Noticed a vault guard
 10414 | D:13     | Noticed a vault guard
 10429 | D:13     | Killed a vault guard
 10429 | D:13     | Reached skill level 1 in Invocations
 10433 | D:13     | Killed a vault guard
 10439 | D:13     | Killed a vault guard
 10450 | D:13     | Killed a vault guard
 10455 | D:13     | Killed a vault guard
 10464 | D:13     | Killed a vault guard
 10464 | D:13     | Reached XP level 13. HP: 77/104 MP: 12/14
 10476 | D:13     | Killed a vault guard
 10476 | D:13     | Reached skill level 17 in Polearms
 10484 | D:13     | Killed a vault guard
 10484 | D:13     | Received a gift from Okawaru
 10564 | D:13     | Noticed Sonja
 10581 | D:13     | Noticed Sonja
 10581 | D:13     | Sonja changed into Sonja the harpy
 10589 | D:13     | Killed Sonja the harpy
 10589 | D:13     | Reached skill level 10 in Dodging
 10729 | D:13     | Found Wufadil's Gadget Emporium.
 10795 | D:13     | Gained mutation: You have a somewhat thin skeletal structure. (Dex +2, Stealth) [potion of mutation]
 10973 | D:13     | Got a pearl-encrusted scale mail
 10984 | D:13     | Identified the +5 scale mail "Geicoasm" {rElec MR+ Str+3 Slay+3} (You found it on level 13 of the Dungeon)
 10993 | D:13     | Found a portal to a secret trove of treasure.
 11037 | D:13     | Found Lutinle's Magic Scroll Emporium.
 11041 | D:13     | Bought a scroll of identify for 38 gold pieces
 11041 | D:13     | Bought a scroll of identify for 38 gold pieces
 11041 | D:13     | Bought a scroll of identify for 38 gold pieces
 11041 | D:13     | Bought a scroll of fog for 38 gold pieces
 11041 | D:13     | Bought a scroll of blinking for 142 gold pieces
 11041 | D:13     | Bought a scroll of magic mapping for 66 gold pieces
 11041 | D:13     | Bought a scroll of teleportation for 57 gold pieces
 11041 | D:13     | Bought a scroll of blinking for 142 gold pieces
 11100 | Trove    | Entered a treasure trove
 11114 | Trove    | Got an ancient buckler
 11125 | Trove    | Identified the +1 buckler of Undesirable Species {+Inv rC+ Stlth+} (You found it in a treasure trove)
 11198 | Trove    | Got a transparent hat
 11204 | Trove    | Identified the +0 hat of Alyjasa Safe {+Fly Stlth+} (You found it in a treasure trove)
 11226 | Trove    | Got a slimy scale mail
 11228 | Trove    | Got a crude chain mail
 11251 | D:13     | Identified the +3 scale mail of Paveuf {+Blink MR+ Str+5 Dex-5} (You found it in a treasure trove)
 11261 | D:13     | Identified the +6 chain mail of Negligence {Str+3} (You found it in a treasure trove)
 12095 | D:15     | Entered Level 15 of the Dungeon
 12102 | D:15     | Reached skill level 10 in Shields
 12123 | D:15     | Found a staircase to the Depths.
 12158 | D:15     | Reached skill level 18 in Polearms
 12158 | D:15     | Reached skill level 5 in Invocations
 12404 | D:15     | Reached XP level 14. HP: 113/113 MP: 14/17
 12557 | D:15     | Noticed Kirke
 12568 | D:15     | Killed Kirke
 12818 | D:15     | Found a shimmering altar of Xom.
 13053 | Depths:1 | Entered Level 1 of the Depths
 13078 | Depths:1 | Noticed a stone giant
 13079 | Depths:1 | Noticed a fire giant
 13101 | Depths:1 | Killed a stone giant
 13107 | Depths:1 | Noticed a green very ugly thing
 13109 | Depths:1 | Noticed a green very ugly thing
 13113 | Depths:1 | Killed a fire giant
 13113 | Depths:1 | Reached skill level 19 in Polearms
 13119 | Depths:1 | Killed a green very ugly thing
 13132 | Depths:1 | Killed a green very ugly thing
 13162 | Depths:1 | Gained mutation: Scrolls take you a little longer to read. [mutagenic meat]
 13164 | Depths:1 | Lost mutation: Armour fits poorly on your strangely shaped body. [mutagenic meat]
 13320 | Depths:1 | Found a one-way gate leading to the halls of Pandemonium.
 13355 | Depths:1 | Noticed a fire giant
 13370 | Depths:1 | Killed a fire giant
 13545 | Depths:1 | Noticed a stone giant
 13555 | Depths:1 | Killed a stone giant
 13569 | Depths:1 | Found Faepleeh's Gadget Emporium.
 13571 | Depths:1 | Found Unuimpofu's Magic Scroll Shoppe.
 13573 | Depths:1 | Found Cuoch's Antique Weapon Emporium.
 13579 | Depths:1 | Bought a scroll of identify for 40 gold pieces
 13579 | Depths:1 | Bought a scroll of teleportation for 60 gold pieces
 13579 | Depths:1 | Bought a scroll of teleportation for 60 gold pieces
 13579 | Depths:1 | Bought 2 scrolls of identify for 80 gold pieces
 13595 | Depths:1 | Reached XP level 15. HP: 117/120 MP: 18/20
 13631 | Depths:1 | Found a gateway to Hell.
 13646 | Depths:1 | Received a gift from Okawaru
 13650 | Depths:1 | Got a pair of faintly glowing boots {god gift}
 13662 | Depths:1 | Identified the +0 pair of boots "Epeaheuc" {rN+ MR+} (Okawaru gifted it to you on level 1 of the Depths)
 13704 | Depths:1 | Noticed a lich
 13780 | Depths:1 | Noticed a fire giant
 13971 | Depths:1 | Reached skill level 20 in Polearms
 14053 | Depths:1 | Learned a level 2 spell: Repel Missiles
 14247 | Depths:1 | Killed a lich
 14284 | Depths:1 | Reached skill level 1 in Spellcasting
 14284 | Depths:1 | Reached skill level 1 in Charms
 14290 | Depths:1 | Reached skill level 1 in Air Magic
 14300 | Depths:1 | Received a gift from Okawaru
 14308 | Depths:1 | Lost mutation: You occasionally shout uncontrollably at your foes. [mutagenic meat]
 14311 | Depths:1 | Gained mutation: You are dopey. (Int -2) [mutagenic meat]
 14713 | Depths:1 | Noticed an iron dragon
 14724 | Depths:1 | Noticed an iron dragon
 14744 | Depths:1 | Killed an iron dragon
 14750 | Depths:1 | Killed an iron dragon
 14756 | Depths:1 | Noticed an iron dragon
 14759 | Depths:1 | Reached XP level 16. HP: 104/129 MP: 17/22
 15245 | Depths:2 | Received a gift from Okawaru
 15299 | Depths:2 | Lost mutation: Scrolls take you a little longer to read. [mutagenic meat]
 15300 | Depths:2 | Lost mutation: You have a pair of small horns on your head. [mutagenic meat]
 15339 | Depths:2 | Gained mutation: Armour fits poorly on your strangely shaped body. [mutagenic meat]
 15342 | Depths:2 | Gained mutation: You have a pair of small horns on your head. [mutagenic meat]
 15396 | Depths:2 | Reached skill level 21 in Polearms
 15563 | Depths:2 | Noticed a sphinx
 15569 | Depths:2 | Killed a sphinx
 15570 | Depths:2 | Found a gateway to a ziggurat.
 15939 | Depths:2 | Found Hyarghox's Weapon Shoppe.
 16199 | Depths:2 | Noticed a storm dragon
 16259 | Depths:2 | Received a gift from Okawaru
 16264 | Depths:2 | Got a pair of dazzling gloves {god gift}
 16287 | Depths:2 | Identified the +0 pair of gloves of the Kettle-Drum {rElec Regen+ MP-9 Stlth-} (Okawaru gifted it to you on level 2 of the Depths)
 16341 | Depths:2 | Noticed a storm dragon
 16411 | Depths:2 | Killed a storm dragon
 16428 | Depths:2 | Reached XP level 17. HP: 102/136 MP: 9/23
 16470 | Depths:2 | Noticed a quicksilver dragon
 16477 | Depths:2 | Killed a quicksilver dragon
 16619 | Depths:2 | Noticed a golden dragon
 16637 | Depths:2 | Reached skill level 5 in Charms
 16912 | Depths:2 | Noticed a sphinx
 16912 | Depths:2 | Killed a golden dragon
 16924 | Depths:2 | Killed a sphinx
 16924 | Depths:2 | Received a gift from Okawaru
 16927 | Depths:2 | Got a pitted trident {god gift}
 16929 | Depths:2 | Identified the +8 trident "Tugisyng" {venom, rC+ rN+ Str+2} (Okawaru gifted it to you on level 2 of the Depths)
 17082 | Depths:2 | Noticed a golden dragon
 17103 | Depths:2 | Killed a golden dragon
 17103 | Depths:2 | Reached skill level 22 in Polearms
 17251 | Depths:2 | Noticed the Enchantress
 17411 | Depths:2 | Killed the Enchantress
 17411 | Depths:2 | Reached skill level 5 in Spellcasting
 17416 | Depths:2 | Noticed a caustic shrike
 17416 | Depths:2 | Noticed a golden dragon
 17426 | Depths:2 | Killed a caustic shrike
 17426 | Depths:2 | Received a gift from Okawaru
 17426 | Depths:2 | Reached skill level 10 in Armour
 17432 | Depths:2 | Noticed a juggernaut
 17442 | Depths:2 | Killed a juggernaut
 17451 | Depths:2 | Killed a golden dragon
 17456 | Depths:2 | Noticed a quicksilver dragon
 17463 | Depths:2 | Killed a quicksilver dragon
 17468 | Depths:2 | Noticed a juggernaut
 17647 | Depths:2 | Killed a juggernaut
 17647 | Depths:2 | Reached XP level 18. HP: 134/145 MP: 13/26
 17674 | Depths:2 | Identified the Volume of Weightlessness
 17690 | Depths:2 | Got faerie dragon scales
 17692 | Depths:2 | Identified the +2 faerie dragon scales {rPois Regen+} (You took it off the Enchantress on level 2 of the Depths)
 17838 | Depths:3 | Found Calyucli's Weapon Shop.
 17882 | Depths:3 | Received a gift from Okawaru
 17889 | Depths:3 | Got a faintly glowing scale mail {god gift}
 17890 | Depths:3 | Identified the +1 scale mail "Ipraaschew" {rF+ rC+ rCorr Str-3} (Okawaru gifted it to you on level 3 of the Depths)
 18022 | Depths:3 | Lost mutation: Your body sometimes deteriorates upon taking damage. [mutagenic meat]
 18024 | Depths:3 | Gained mutation: Your muscles are strong. (Str +2) [mutagenic meat]
 18027 | Depths:3 | Lost mutation: You are dopey. (Int -2) [mutagenic meat]
 18028 | Depths:3 | Gained mutation: You are partially covered in molten scales. (AC +2) [mutagenic meat]
 18029 | Depths:3 | Gained mutation: Your spells are a little harder to cast, but a little more powerful. [mutagenic meat]
 18030 | Depths:3 | Gained mutation: Your system is resistant to poisons. (rPois) [mutagenic meat]
 18103 | Depths:3 | Noticed Margery
 18285 | Depths:4 | Reached skill level 15 in Dodging
 18315 | Depths:4 | Reached skill level 23 in Polearms
 18429 | Depths:4 | Found a radiant altar of Vehumet.
 18564 | Depths:3 | Received a gift from Okawaru
 18587 | Depths:3 | Found Gozag's Assorted Antiques.
 18606 | Depths:3 | Noticed a lich
 18728 | Depths:3 | Killed a lich
 18735 | Depths:3 | Noticed a golden dragon
 18740 | Depths:3 | Killed Margery
 18772 | Depths:3 | Found an opulent altar of Gozag.
 18853 | Depths:3 | Found Gozag's Antique Armour Shoppe.
 18862 | Depths:3 | Found Gozag's Assorted Antiques.
 18868 | Depths:3 | Noticed Bai Suzhen
 18875 | Depths:3 | Received a gift from Okawaru
 18893 | Depths:3 | Killed Bai Suzhen
 18893 | Depths:3 | Reached XP level 19. HP: 129/153 MP: 13/27
 18955 | Depths:3 | Killed a golden dragon
 19262 | Depths:3 | Bought a long brass wand for 400 gold pieces
 19277 | Depths:3 | Gained mutation: Your body sometimes deteriorates upon taking damage. [a neqoxec]
 19582 | Depths:3 | Mangled by a white very ugly thing

Skill      XL: |  1  2  3  4  5  6  7  8  9 10 11 12 13 14 15 16 17 18 |
---------------+-------------------------------------------------------+-----
Polearms       | 4 5 6 7 8 10 12 14 15 16 18 19 20 21 22 23 | 23.9
Fighting       | 4 5 6 7 8 9 10 11 12 13 14 | 14.5
Armour         | 3 4 5 6 7 8 9 10 | 10.8
Shields        | 4 5 6 7 8 9 10 11 12 13 | 13.3
Dodging        | 3 6 8 9 10 11 12 13 14 15 | 15.7
Invocations    | 2 5 7 8 |  8.0
Spellcasting   | 2 4 5 |  5.7
Charms         | 2 4 6 |  6.6
Air Magic      | 1 3 4 |  4.9

Action                   |  1- 3 |  4- 6 |  7- 9 | 10-12 | 13-15 | 16-18 | 19-21 || total
-------------------------+-------+-------+-------+-------+-------+-------+-------++-------
Melee: Trident           |   136 |   365 |   291 |       |       |       |       ||   792
       Headbutt          |       |       |    36 |    81 |   157 |   192 |    18 ||   484
       Glaive            |       |       |    43 |   401 |       |       |       ||   444
       Demon trident     |       |       |       |    48 |   723 |   856 |    73 ||  1700
       Tailslap          |       |       |       |       |     1 |    23 |       ||    24
 Cast: Repel Missiles    |       |       |       |       |       |     1 |       ||     1
Invok: Heroism           |       |       |     1 |     6 |    14 |    22 |     1 ||    44
       Finesse           |       |       |       |       |       |     2 |       ||     2
Evoke: Wand              |       |       |       |     1 |     4 |       |       ||     5
  Use: Potion            |       |       |     1 |       |     3 |     4 |       ||     8
       Scroll            |       |       |    20 |     5 |     6 |     8 |     1 ||    40
 Stab: Distracted        |       |     1 |       |       |       |     1 |       ||     2
  Eat: Chunk             |       |    11 |    14 |    18 |    18 |    18 |     2 ||    81
       Royal jelly       |       |       |       |       |     2 |       |       ||     2
       Fruit             |       |       |       |       |     1 |     7 |       ||     8
       Pizza             |       |       |       |       |     1 |       |       ||     1
       Beef jerky        |       |       |       |       |       |     4 |       ||     4
Armor: Scale mail        |    34 |   130 |    73 |       |    97 |   119 |     9 ||   462
       Chain mail        |       |       |       |   144 |    10 |       |       ||   154
Dodge: Dodged            |    40 |   126 |    56 |   165 |   125 |   219 |    16 ||   747
       Deflected         |       |       |       |       |       |     4 |     2 ||     6
Block: Shield            |    39 |   162 |    82 |     7 |    18 |       |       ||   308
       Large shield      |       |       |       |       |   295 |   443 |    30 ||   768
